 Dungeon Sprint DCSS version bcrawl-1.19.1 (webtiles) character file.

Game seed: 16009696341199896772

11400000 mahrnol the Axe Maniac (level 27, -13/273 HPs)
             Began as a Centaur Warper on Nov 29, 2019.
             Was the Champion of Makhleb.
             Killed by divine providence
             ... invoked by an accursed
              (16 damage)
             ... in the Dungeon (Sprint VIII: "Arena of Blood").
             The game lasted 00:05:48 (114 turns).

mahrnol the Axe Maniac (Centaur Warper)              Turns: 114, Time: 00:05:49

Health: -13/273    AC:  6    Str: 15    XL:     27
Magic:  27/54      EV: 32    Int: 12    God:    Makhleb [******]
Gold:   0          SH:  0    Dex: 21    Spells: 79/80 levels left

rFire    . . .     SeeInvis .   d - +∞ Axe of Woe
rCold    . . .     Gourm    .   (shield currently unavailable)
rNeg     . . .     Faith    .   c - +0 robe
rPois    .         Spirit   .   (no helmet)
rElec    .         Reflect  .   (no cloak)
rCorr    .         Harm     .   (no gloves)
MR       ++...     NoTele   +   (no barding)
Stlth    +++++++++.             (no amulet)
HPRegen  0.55/turn              (no ring)
MPRegen  0.34/turn              (no ring)

@: slowed
A: large, hooves 3, deformed body, speed 2, tough skin 3
a: Minor Destruction, Lesser Servant of Makhleb, Major Destruction, Greater
Servant of Makhleb, Renounce Religion


You were in the Dungeon.
You worshipped Makhleb.
Makhleb was exalted by your worship.
You were not hungry.

You visited 1 branch

Inventory:

Hand Weapons
 a - a +1 shortbow
 b - a +0 dagger
 d - the +∞ Axe of Woe (weapon)
   (You found it in the Dungeon)
Missiles
 f - 240 arrows
Armour
 c - a +0 robe (worn)
Scrolls
 e - 2 scrolls of blinking
Potions
 h - a potion of curing
 i - a potion of heal wounds
 j - a potion of haste
 k - 2 potions of magic
 l - a potion of berserk rage
Comestibles
 g - a ration {!d}


   Skills:
 O Level 27 Fighting
 O Level 27 Short Blades
 O Level 27 Axes
 O Level 27 Bows
 O Level 27 Throwing
 O Level 27 Armour
 O Level 27 Dodging
 O Level 27 Stealth
 O Level 27 Unarmed Combat
 O Level 27 Spellcasting
 O Level 27 Translocations
 O Level 27 Invocations


You had 79 spell levels left.
You knew the following spells:

 Your Spells              Type           Power        Failure   Level  Hunger
a - Blink Other           Tloc           ######       0%          1    None

Your spell library contained the following spells:

 Spells                   Type           Power        Failure   Level  Hunger
 Blink                    Tloc           N/A          0%          2    None
 Portal Projectile        Tloc           ######       0%          3    None
 Teleport Other           Tloc           ######..     0%          3    None
 Passage of Golubria      Tloc           N/A          0%          5    ###....


Dungeon Overview and Level Annotations

Branches:
Dungeon (1/1)

Altars:
Makhleb


Innate Abilities, Weirdness & Mutations

You have hooves in place of feet.
Armour fits poorly on your strangely shaped body.
You cover ground very quickly.
You have extremely tough skin. (AC +3)


Message History

You feel yourself slow down.
The accursed gestures at you while chanting.
Something smites you!
* * * LOW HITPOINT WARNING * * *
The accursed casts a spell at you. Something smites you!
* * * LOW HITPOINT WARNING * * *
A fleshlord comes into view.
It is wielding a +9 great mace. notify_dgn_event: Lua error: [string "global_prelude"]:208: Unknown spell name: 'hurl damnation' in 'symbol_of_torment.34.natural;hurl_damnation.33.natural;call_down_damnation.33. natural' You hear a shout! x4
Your green death gestures at the reaper.
The poison arrow misses the reaper.
You hear a shout!
You feel something staring at you. Something smites you!
* * * LOW HITPOINT WARNING * * *
The fleshlord casts a spell.
The fleshlord seems to speed up.
The accursed points at you and mumbles some strange words.
Something smites you!
You die...

.............
..............#......#
..#..................#
..#....%......##.....#
..###................#
.).......%.pM###.....#
..)))))○.....%.......#
)#%.)))))#)#))o......#
_#%)))))).)p)2..@...=#
.#..))))#)#)#2.p.....#
......)))..o.........#
.%.%..M%o#M#.#..#....#
..###.p........#.....#
..#.............#....#
..#......p.....#.....#
.......%...p.........#
.....#...#...


You could see 2 accurseds, a reaper, 5 fleshlords, 2 bags of meat and a friendly
green death.

Vanquished Creatures
  4 hell beasts (D)
  2 greater mummies (D)
  7 great orbs of eyes (D)
  17 vampire knights (D)
  31 ogres (D)
  5 two-headed ogres (D)
  4 liches (D)
  2 hydras (D)
  83 orcs (D)
  5 phantoms (D)
  9 skeletal warriors (D)
  7 large abominations (D)
  13 small abominations (D)
  15 crawling corpses (D)
204 creatures vanquished.

Vanquished Creatures (others)
  12 crawling corpses (D)
12 creatures vanquished.

Grand Total: 216 creatures vanquished

Notes
Turn   | Place    | Note
-------+----------+-------------------------------------------
     0 | D        | Found the +∞ Axe of Woe
     0 | D        | mahrnol the Centaur Warper began the quest for the Orb.
     0 | D        | Reached XP level 1. HP: 17/17 MP: 2/2
     0 | D        | Noticed a meat berserker
     3 | D        | Became a worshipper of Makhleb the Destroyer
     3 | D        | Noticed a bag of meat
     3 | D        | Noticed a bag of meat
     4 | D        | Noticed a bag of meat
     6 | D        | Killed a meat berserker
     6 | D        | Reached skill level 15 in Bows
     6 | D        | Reached skill level 10 in Dodging
     6 | D        | Reached XP level 2. HP: 44/44 MP: 2/9
     6 | D        | Reached XP level 3. HP: 50/50 MP: 2/10
     6 | D        | Reached XP level 4. HP: 58/58 MP: 2/12
     6 | D        | Reached XP level 5. HP: 64/64 MP: 2/13
     6 | D        | Reached XP level 6. HP: 72/72 MP: 2/15
     6 | D        | Reached XP level 7. HP: 79/79 MP: 2/16
     6 | D        | Reached XP level 8. HP: 86/86 MP: 2/17
     6 | D        | Reached XP level 9. HP: 93/93 MP: 2/18
     6 | D        | Reached XP level 10. HP: 101/101 MP: 2/19
     6 | D        | Reached XP level 11. HP: 107/107 MP: 2/20
     6 | D        | Reached XP level 12. HP: 115/115 MP: 2/21
     6 | D        | Reached XP level 13. HP: 122/122 MP: 2/22
     6 | D        | Noticed a bag of meat
     6 | D        | Noticed a bag of meat
     7 | D        | Noticed a bag of meat
     8 | D        | Killed a bag of meat
     8 | D        | Reached * piety under Makhleb
     8 | D        | Noticed a bag of meat
     8 | D        | Noticed a meat berserker
     9 | D        | Killed a bag of meat
     9 | D        | Reached XP level 14. HP: 129/129 MP: 2/23
     9 | D        | Killed a bag of meat
     9 | D        | Noticed a bag of meat
     9 | D        | Noticed a meat berserker
    10 | D        | Killed a bag of meat
    10 | D        | Reached ** piety under Makhleb
    10 | D        | Reached XP level 15. HP: 136/136 MP: 3/24
    10 | D        | Noticed a meat berserker
    12 | D        | Reached skill level 27 in Axes
    12 | D        | Reached skill level 15 in Fighting
    12 | D        | Killed a meat berserker
    12 | D        | Reached *** piety under Makhleb
    12 | D        | Reached skill level 15 in Dodging
    12 | D        | Reached XP level 16. HP: 165/165 MP: 3/25
    14 | D        | Noticed a meat berserker
    15 | D        | Killed a meat berserker
    15 | D        | Reached XP level 17. HP: 188/188 MP: 3/26
    16 | D        | Killed a meat berserker
    16 | D        | Reached **** piety under Makhleb
    16 | D        | Reached skill level 27 in Fighting
    16 | D        | Noticed a destroyer
    17 | D        | Reached XP level 18. HP: 200/200 MP: 3/27
    17 | D        | Noticed a destroyer
    17 | D        | Noticed a meat berserker
    19 | D        | Noticed a meat berserker
    20 | D        | Killed a meat berserker
    20 | D        | Reached skill level 27 in Dodging
    20 | D        | Reached ***** piety under Makhleb
    21 | D        | Killed a destroyer
    21 | D        | Reached skill level 27 in Translocations
    21 | D        | Reached XP level 19. HP: 207/207 MP: 4/37
    21 | D        | Killed a destroyer
    22 | D        | Noticed a destroyer
    22 | D        | Noticed a destroyer
    23 | D        | Killed a meat berserker
    23 | D        | Reached XP level 20. HP: 216/216 MP: 5/49
    23 | D        | Noticed a destroyer
    24 | D        | Noticed a meat berserker
    25 | D        | Killed a destroyer
    25 | D        | Reached skill level 27 in Spellcasting
    25 | D        | Killed a destroyer
    25 | D        | Reached XP level 21. HP: 224/224 MP: 5/52
    27 | D        | Reached ****** piety under Makhleb
    27 | D        | Reached skill level 27 in Armour
    27 | D        | Reached skill level 5 in Stealth
    27 | D        | Killed a destroyer
    27 | D        | Reached XP level 22. HP: 233/233 MP: 6/53
    27 | D        | Noticed a large bag of meat
    28 | D        | Noticed a destroyer
    31 | D        | Noticed a destroyer
    32 | D        | Reached XP level 23. HP: 240/240 MP: 7/54
    33 | D        | Reached skill level 27 in Stealth
    33 | D        | Reached skill level 27 in Bows
    35 | D        | Killed a destroyer
    35 | D        | Noticed a destroyer
    36 | D        | Reached skill level 15 in Throwing
    36 | D        | Reached skill level 15 in Invocations
    36 | D        | Noticed a destroyer
    36 | D        | Noticed a large bag of meat
    37 | D        | Reached skill level 15 in Unarmed Combat
    38 | D        | Reached skill level 15 in Short Blades
    38 | D        | Reached XP level 24. HP: 249/249 MP: 8/54
    41 | D        | Killed a large bag of meat
    41 | D        | Killed a destroyer
    41 | D        | Noticed a destroyer
    41 | D        | Noticed a destroyer
    42 | D        | Reached XP level 25. HP: 257/257 MP: 9/54
    43 | D        | Reached skill level 27 in Throwing
    43 | D        | Reached skill level 27 in Invocations
    43 | D        | Noticed a destroyer
    43 | D        | Noticed a destroyer
    43 | D        | Noticed a destroyer
    44 | D        | Reached skill level 27 in Short Blades
    44 | D        | Reached skill level 27 in Unarmed Combat
    44 | D        | Killed a destroyer
    44 | D        | Killed a destroyer
    44 | D        | Reached XP level 26. HP: 266/266 MP: 10/54
    46 | D        | Noticed a large bag of meat
    47 | D        | Noticed an accursed
    47 | D        | Reached XP level 27. HP: 273/273 MP: 10/54
    48 | D        | Killed a destroyer
    48 | D        | Noticed a destroyer
    49 | D        | Killed a destroyer
    49 | D        | Killed a destroyer
    50 | D        | Killed a large bag of meat
    52 | D        | Killed a destroyer
    53 | D        | Killed a destroyer
    55 | D        | Killed a destroyer
    55 | D        | Killed a large bag of meat
    59 | D        | Noticed a large bag of meat
    60 | D        | Noticed a destroyer
    63 | D        | Killed a destroyer
    64 | D        | Noticed a tyrant
    64 | D        | Noticed an accursed
    70 | D        | Killed a large bag of meat
    73 | D        | Noticed a meat beast
    73 | D        | Noticed a destroyer
    74 | D        | Killed a tyrant
    76 | D        | Killed an accursed
    77 | D        | Killed a meat beast
    77 | D        | Noticed a large bag of meat
    78 | D        | Noticed a tyrant
    81 | D        | Killed a destroyer
    83 | D        | Killed an accursed
    84 | D        | Noticed a tyrant
    84 | D        | Killed a tyrant
    85 | D        | Killed a large bag of meat
    86 | D        | Noticed a tyrant
    86 | D        | Noticed a meat beast
    86 | D        | Noticed a meat beast
    87 | D        | Noticed a meat beast
    91 | D        | Killed a meat beast
    93 | D        | Killed a tyrant
    93 | D        | Killed a tyrant
    93 | D        | Killed a meat beast
    94 | D        | Killed a meat beast
    95 | D        | Noticed an accursed
   100 | D        | Noticed an accursed
   104 | D        | Noticed an accursed
   106 | D        | Noticed an accursed
   108 | D        | Noticed a fleshlord
   109 | D        | Noticed a fleshlord
   109 | D        | Noticed a fleshlord
   110 | D        | Noticed a fleshlord
   111 | D        | Noticed a fleshlord
   112 | D        | Noticed a fleshlord
   113 | D        | Noticed a fleshlord
   114 | D        | HP: 3/273 [something (13)]
   114 | D        | Killed from afar by an accursed

Skill      XL: |  1  2  3  4  5  6  7  8  9 10 11 12 13 14 15 16 17 18 19 20 21 22 23 24 25 |
---------------+----------------------------------------------------------------------------+-----
Fighting       | 13 20 25 27 | 27.0
Bows           | 15 27 | 27.0
Dodging        | 10 15 19 24 27 | 27.0
Spellcasting   | 6 14 25 27 | 27.0
Translocations | 21 27 | 27.0
Axes           | 19 24 27 | 27.0
Armour         | 22 27 | 27.0
Stealth        | 17 26 27 | 27.0
Short Blades   | 15 22 27 | 27.0
Throwing       | 17 25 27 | 27.0
Unarmed Combat | 16 24 27 | 27.0
Invocations    | 17 25 27 | 27.0

Action                   |  1- 3 |  4- 6 |  7- 9 | 10-12 | 13-15 | 16-18 | 19-21 | 22-24 | 25-27 || total
-------------------------+-------+-------+-------+-------+-------+-------+-------+-------+-------++-------
Melee: Executioner's axe |     1 |       |       |       |     5 |     6 |     3 |    12 |    58 ||    85
Invok: Greater Servant o |       |       |       |       |       |       |       |       |     1 ||     1
Dodge: Dodged            |       |       |       |       |       |       |     1 |       |    11 ||    12
